Map: Jagannatha LE

Players

Serral - Winner!

  • Race: Zerg Zerg

Hellraiser

  • Race: Protoss Protoss

Event: DreamHack SC2 Masters 2021 Fall

VOD

Have the link to the VOD?

Description

Time

  • Played on: Aug. 6, 2021, 10:35 a.m.
  • Length: 11:39

All games in this series

Show
View Real Time Build Order
Export as new Build Order

Serral Zerg - Winner!

Build Orders: Hatch First 

Get SALT Encoding   

  12  0:00  Drone  
  13  0:12  Overlord  
  13  0:17  Drone  
  14  0:30  Drone x2  
  16  0:48  Hatchery  
  15  0:51  Drone  
  15  0:55  Drone  
  17  0:59  Drone  
  18  1:09  Extractor  
  17  1:15  Spawning Pool  
  17  1:17  Drone  
  17  1:21  Drone  
  18  1:28  Drone  
  19  1:39  Drone  
  20  1:49  Overlord  
  20  2:02  Queen x2  
  20  2:03  Zergling x4  
  26  2:10  Drone  
  26  2:12  Drone  
  26  2:13  Metabolic Boost  
  28  2:21  Drone x2  
  30  2:38  Queen  
  30  2:43  Hatchery  
  31  2:45  Drone  
  31  2:47  Drone  
  33  2:51  Overlord  
  33  2:54  Drone  
  33  2:56  Drone  
  33  2:58  Drone  
  36  3:03  Overlord  
  36  3:10  Drone  
  36  3:11  Drone x3  
  36  3:12  Drone  
  41  3:14  Drone  
  41  3:16  Drone  
  41  3:18  Drone  
  44  3:24  Queen  
  46  3:28  Queen  
  46  3:33  Spore Crawler  
  47  3:35  Drone x2  
  47  3:39  Overlord  
  49  3:42  Overlord  
  49  3:44  Drone  
  49  3:46  Drone  
  49  3:48  Drone  
  52  3:53  Roach Warren  
  51  3:57  Queen  
  51  3:59  Drone  
  51  4:01  Drone  
  55  4:08  Overlord  
  55  4:09  Spore Crawler  
  54  4:10  Drone x2  
  54  4:16  Drone x4  
  60  4:23  Zergling x8  
  64  4:26  Drone x2  
  64  4:28  Overlord  
  65  4:31  Overlord  
  65  4:33  Drone  
  65  4:36  Spore Crawler  
  65  4:40  Lair  
  65  4:42  Extractor, Drone  
  65  4:45  Drone x3  
  68  4:46  Drone  
  68  4:49  Extractor  
  68  4:51  Drone x3  
  71  4:56  Overlord  
  71  4:59  Zergling x2  
  72  5:00  Drone x2  
  72  5:01  Drone x2  
  72  5:03  Drone x2  
  78  5:08  Overlord  
  78  5:11  Extractor  
  78  5:12  Overlord  
  78  5:13  Drone x2  
  80  5:14  Drone  
  80  5:15  Overlord  
  80  5:16  Overlord  
  80  5:19  Overlord  
  80  5:20  Extractor  
  79  5:21  Drone  
  79  5:23  Queen  
  79  5:26  Queen  
  79  5:28  Drone  
  85  5:29  Drone  
  85  5:31  Drone  
  85  5:32  Drone  
  88  5:37  Drone x3  
  88  5:40  Evolution Chamber  
  90  5:42  Spire  
  90  5:45  Extractor  
  88  5:50  Overlord  
  88  5:51  Zergling x4  
  88  5:52  Drone x3  
  88  5:55  Glial Reconstitution, Overlord  
  92  6:04  Hatchery  
  92  6:05  Queen  
  92  6:09  Zerg Melee Weapons Level 1  
  93  6:12  Queen  
  95  6:19  Overlord  
  95  6:21  Drone x2  
  95  6:22  Drone x3  
  100  6:27  Drone x2  
  100  6:31  Zergling x12  
  100  6:32  Zergling x4  
  107  6:41  Drone x2  
  115  6:55  Extractor  
  115  6:56  Extractor, Zerg Flyer Weapons Level 1  
  115  7:00  Drone  
  112  7:04  Overlord  
  108  7:16  Spore Crawler, Mutalisk x13  
  133  7:26  Mutalisk x2  
  136  7:34  Mutalisk  
  137  7:41  Infestation Pit  
  136  7:45  Drone x12  
  136  7:50  Queen x3  
  136  7:51  Queen  
  155  7:58  Overlord  
  155  8:04  Zergling x12  
  157  8:08  Overlord  
  155  8:17  Zergling x20  
  167  8:30  Hive  
  165  8:34  Hatchery  
  165  8:36  Corruptor x6  
  165  8:39  Overlord x2  
  176  8:42  Zerg Ground Armor Level 1  
  176  8:53  Corruptor x4  
  176  9:07  Corruptor x4  
  184  9:16  Drone x8  
  192  9:21  Extractor  
  191  9:25  Zerg Flyer Armor Level 1  
  191  9:26  Extractor  
  191  9:27  Corruptor x2  
  194  9:37  Corruptor x3  
  198  9:51  Ultralisk Cavern  
  193  9:54  Viper x2  
  198  10:07  Hatchery  
  195  10:18  Corruptor x6  
  190  10:32  Corruptor x4  
  198  10:41  Extractor  
  183  10:43  Extractor  
  183  10:47  Corruptor x3  
  180  10:51  Drone x4  
  180  10:52  Drone x2  
  180  10:53  Zergling x16  
  180  10:54  Zergling x14  
Show
View Real Time Build Order
Export as new Build Order

Hellraiser Protoss 

Build Orders: 1 Gate Expand, Oracle Opening 

Get SALT Encoding   

  12  0:00  Probe  
  13  0:12  Probe  
  14  0:20  Pylon  
  14  0:24  Probe  
  15  0:39  Gateway, Probe (Chrono Boost)  
  16  0:46  Probe (Chrono Boost)  
  16  0:48  Assimilator  
  17  0:53  Probe  
  18  1:05  Probe  
  19  1:17  Probe  
  20  1:24  Nexus  
  20  1:36  Cybernetics Core  
  20  1:38  Probe  
  21  1:46  Assimilator  
  21  1:50  Probe  
  22  1:55  Pylon  
  22  2:02  Probe  
  23  2:10  Adept (Chrono Boost), Probe  
  26  2:16  Stargate  
  26  2:18  Probe  
  27  2:25  Warp Gate  
  27  2:30  Probe (Chrono Boost)  
  27  2:34  Stalker  
  30  2:38  Probe (Chrono Boost)  
  32  2:47  Probe x2 (Chrono Boost)  
  33  2:52  Probe (Chrono Boost)  
  33  2:53  Probe  
  33  2:54  Void Ray (Chrono Boost)  
  35  3:04  Probe  
  40  3:07  Probe  
  40  3:11  Pylon  
  41  3:16  Probe  
  41  3:19  Probe  
  43  3:25  Gateway  
  43  3:27  Oracle (Chrono Boost)  
  43  3:28  Probe  
  43  3:30  Assimilator  
  43  3:32  Probe  
  48  3:38  Assimilator  
  49  3:41  Probe  
  49  3:45  Probe  
  50  3:50  Pylon  
  50  3:53  Probe  
  51  3:57  Probe  
  51  3:59  Stargate  
  52  4:02  Void Ray (Chrono Boost)  
  52  4:05  Probe  
  52  4:07  Pylon  
  52  4:09  Probe  
  58  4:17  Probe  
  58  4:18  Pylon  
  58  4:21  Probe  
  58  4:22  Adept  
  62  4:40  Void Ray x2 (Chrono Boost)  
  62  4:41  Nexus  
  66  4:52  Probe x2  
  72  4:57  Pylon  
  72  5:04  Probe x2  
  74  5:12  Void Ray (Chrono Boost)  
  74  5:13  Pylon  
  74  5:16  Probe x2  
  74  5:17  Void Ray (Chrono Boost)  
  74  5:18  Protoss Air Weapons Level 1  
  84  5:26  Shield Battery  
  84  5:28  Probe  
  84  5:32  Adept x2  
  89  5:38  Probe  
  89  5:40  Probe  
  91  5:44  Assimilator  
  91  5:46  Assimilator  
  91  5:50  Probe  
  91  5:53  Void Ray (Chrono Boost), Probe x2  
  98  5:57  Void Ray (Chrono Boost)  
  98  6:03  Probe  
  103  6:05  Probe x2  
  103  6:10  Stargate  
  105  6:15  Probe  
  105  6:17  Probe  
  108  6:25  Pylon  
  107  6:26  Pylon  
  107  6:27  Pylon  
  107  6:36  Fleet Beacon, Probe  
  107  6:37  Probe  
  109  6:43  Probe  
  109  6:44  Pylon  
  114  6:49  Void Ray x3 (Chrono Boost)  
  118  7:02  Cybernetics Core  
  118  7:03  Forge  
  118  7:08  Probe x2  
  118  7:11  Pylon, Adept  
  122  7:17  Pylon  
  122  7:19  Pylon  
  122  7:20  Pylon  
  126  7:36  Carrier (Chrono Boost)  
  140  7:43  Carrier (Chrono Boost)  
  140  7:46  Photon Cannon  
  140  7:47  Carrier (Chrono Boost)  
  140  7:48  Photon Cannon  
  140  7:52  Photon Cannon  
  140  8:05  Probe x2  
  141  8:09  Pylon  
  141  8:11  Flux Vanes  
  131  8:12  Stalker  
  131  8:13  Stalker  
  131  8:15  Protoss Air Weapons Level 2  
  131  8:17  Probe  
  123  8:24  Probe x2  
  123  8:26  Phoenix (Chrono Boost)  
  122  8:29  Probe  
  122  8:35  Phoenix (Chrono Boost)  
  122  8:36  Probe  
  122  8:37  Probe  
  122  8:39  Phoenix (Chrono Boost)  
  126  8:41  Probe  
  130  8:48  Probe  
  130  8:49  Probe  
  130  8:50  Phoenix (Chrono Boost)  
  130  8:53  Probe  
  132  8:59  Pylon  
  130  9:06  Phoenix (Chrono Boost)  
  130  9:08  Phoenix (Chrono Boost), Probe  
  131  9:10  Probe  
  131  9:13  Probe  
  134  9:19  Phoenix (Chrono Boost)  
  134  9:20  Probe  
  134  9:23  Probe  
  133  9:25  Probe  
  134  9:32  Probe  
  134  9:35  Probe  
  134  9:37  Probe  
  135  9:44  Probe  
  136  9:47  Probe  
  136  9:49  Probe (Chrono Boost)  
  138  9:56  Probe (Chrono Boost)  
  140  10:00  Phoenix (Chrono Boost)  
  140  10:02  Probe (Chrono Boost)  
  140  10:04  Probe (Chrono Boost)  
  148  10:08  Probe (Chrono Boost)  
  148  10:09  Shield Battery, Phoenix x2 (Chrono Boost)  
  148  10:10  Probe (Chrono Boost)  
  148  10:12  Anion Pulse-Crystals  
  148  10:13  Probe x2 (Chrono Boost)  
  150  10:16  Probe  
  136  10:22  Phoenix (Chrono Boost)  
  136  10:23  Probe x2  
  136  10:28  Probe  
  143  10:35  Probe x2  
  139  10:44  Void Ray (Chrono Boost)  
  139  10:46  Void Ray (Chrono Boost)  
  143  10:50  Probe x2  
  143  10:51  Void Ray (Chrono Boost)  
  143  10:53  Probe  
  146  11:01  Nexus  
  146  11:02  Pylon  
  150  11:16  Zealot x2  
  159  11:26  Probe  

Tags
 
Add a new tag
Caveats
  • Supply blocks, unpowered buildings, or Contaminate may cause inaccurate times.
  • Supply counts are checked every 10 seconds.